 Dungeon Crawl Stone Soup version 0.22-a0-512-g0943f25 (webtiles) character file.

2319 Salvius23 the Ruffian (level 9, -4/84 HPs)
             Began as a Troll Berserker on June 18, 2018.
             Was an Elder of Trog.
             Slain by Dowan
             ... wielding a +1 dagger of electrocution
              (12 damage)
             ... on level 7 of the Dungeon.
             The game lasted 00:40:40 (7085 turns).

Salvius23 the Ruffian (Troll Berserker)             Turns: 7085, Time: 00:40:40

Health: -4/84      AC:  5    Str: 29    XL:     9   Next: 18%
Magic:  8/8        EV: 11    Int:  3    God:    Trog [****..]
Gold:   248        SH: 11    Dex: 13    Spells: 8/8 levels left

rFire    . . .     SeeInvis .   A - +1 spear (flame)
rCold    . . .     Gourm    +   m - +1 shield
rNeg     . . .     Faith    .   a - +0 animal skin
rPois    .         Spirit   .   (helmet restricted)
rElec    .         Reflect  .   (no cloak)
rCorr    .         Harm     .   (gloves unavailable)
MR       .....                  (boots unavailable)
Stlth    +.........             (no amulet)
HPRegen  0.64/turn              v - +3 ring of dexterity
MPRegen  0.11/turn              q - ring of loudness (curse)

@: no status effects
A: large, unfitting armour, claws 3, fast metabolism 3, gourmand, regeneration
1, shaggy fur 1, tough skin 2
a: Berserk, Trog's Hand, Brothers in Arms, Renounce Religion


You were on level 7 of the Dungeon.
You worshipped Trog.
Trog was greatly pleased with you.
You were not hungry.

You visited 2 branches of the dungeon, and saw 8 of its levels.
You also visited: Sewer.

You collected 248 gold pieces.

Inventory:

Hand Weapons
 o - a +0 hunting sling
 p - a +2 dagger of venom
 y - a +0 falchion
 A - a +1 spear of flaming (weapon)
 D - a +0 dagger of venom
 E - a +3 dagger
Missiles
 l - 111 stones (quivered)
 u - 81 sling bullets
Armour
 a - a +0 animal skin (worn)
 m - a +1 shield (worn)
 w - a +0 animal skin
Jewellery
 n - a cursed amulet of inaccuracy {unknown}
 q - a cursed ring of loudness (right claw)
 v - a +3 ring of dexterity (left claw)
Wands
 h - a wand of iceblast (8)
 x - a wand of flame (20)
 C - a wand of acid (10)
Scrolls
 d - 2 scrolls of blinking {unknown}
 e - 4 scrolls of teleportation
 f - a scroll of magic mapping
 j - a scroll of enchant weapon
 k - a scroll of fog
 r - a scroll of enchant armour
 z - 2 scrolls of identify
 B - a scroll of amnesia {unknown}
Potions
 c - a potion of flight
 g - 4 potions of curing
 i - a potion of heal wounds
 s - 2 potions of haste
 t - 4 potions of mutation
Comestibles
 b - 15 rations


   Skills:
 + Level 4.1 Fighting
 + Level 1.8 Short Blades
 + Level 2.4 Polearms
 + Level 6.0 Dodging
 + Level 1.2 Stealth
 + Level 4.3 Shields
 + Level 6.8 Unarmed Combat


You had 8 spell levels left.
You didn't know any spells.
Your spell library was empty.

Dungeon Overview and Level Annotations

Branches:
Dungeon (7/15)             Temple (1/1) D:4

Altars:
Ashenzari
Cheibriados
Dithmenos
Elyvilon
Fedhas
Gozag
Hepliaklqana
Kikubaaqudgha
Makhleb
Nemelex Xobeh
Okawaru
Qazlal
Ru
Sif Muna
Trog
Uskayaw
Vehumet
Wu Jian
Xom
Yredelemnul
Zin
The Shining One

Shops:
D:3 *

Annotations:
D:7 Dowan


Innate Abilities, Weirdness & Mutations

You are too large for most types of armour.
You have claws for hands.
Your metabolism is lightning-fast.
You like to eat raw meat.
Your natural rate of healing is unusually fast.
You are covered in fur. (AC +1)
You have very tough skin. (AC +2)


Message History

You block Dowan's attack.
You barely miss Dowan.
Dowan is moderately wounded.
You block Dowan's attack. Dowan misses you.
You closely miss Dowan.
Dowan is moderately wounded.
Dowan barely misses you.
You hit Dowan. You burn Dowan.
Dowan is heavily wounded.
You block Dowan's attack.
Dowan hits you with a dagger of electrocution.
* * * LOW HITPOINT WARNING * * *
You are electrocuted!
* * * LOW HITPOINT WARNING * * *
Your shield prevents you from hitting Dowan.
Dowan is heavily wounded.
Dowan hits you with a dagger of electrocution.
* * * LOW HITPOINT WARNING * * *
You are electrocuted!
You die...

.#####.###.###.##.............<.#
.......# #.....###########...##.#
:......# ###.### ###.##.#
...##### #.# #.##..
...#########.# #.####
.............# #.# #.......######
##### #.#
##.####.#...#######...... ... #.#
#.#......e@...# #.# #.#
#.#...######### #.# #.##.## ##.#
#.##.# .[.####.##)# #.......##.#
#.########.# #.# #.# ## #.#
####.# ..


You could see Dowan.

Vanquished Creatures
  Eustachio (D:4)
  A hungry ghost (D:7)
  Duvessa (D:7)
  An orc warrior (D:6)
  A phantom (D:4)
  An ice beast (D:4)
  2 sky beasts
  5 ogres
  A centaur (D:6)
  A crocodile (Sewer)
  2 bullfrogs
  A gnoll sergeant (D:6)
  6 crimson imps
  4 hounds
  An iguana (D:4)
  A jelly (D:3)
  2 worker ants
  A killer bee zombie (D:5)
  A howler monkey zombie (D:5)
  Robin (D:4)
  8 adders
  3 gnolls (D:6)
  4 oozes
  An adder skeleton (D:5)
  3 worms
  9 leopard geckos
  4 orcs
  A bat zombie (D:5)
  3 giant cockroaches
  15 goblins
  10 hobgoblins
  7 jackals
  7 quokkas
  2 ball pythons
  14 bats
  4 frilled lizards
  12 kobolds
  A leopard gecko zombie (D:6)
  A quokka skeleton (D:6)
  11 rats
  A rat zombie (D:5)
156 creatures vanquished.

Notes
Turn   | Place    | Note
-------+----------+-------------------------------------------
     0 | D:1      | Salvius23 the Troll Berserker began the quest for the Orb.
     0 | D:1      | Reached XP level 1. HP: 22/22 MP: 0/0
    84 | D:1      | Reached XP level 2. HP: 27/29 MP: 1/1
   333 | D:1      | Reached ** piety under Trog
   400 | D:1      | Reached XP level 3. HP: 31/36 MP: 2/2
  1179 | D:2      | Reached XP level 4. HP: 44/44 MP: 3/3
  2014 | D:3      | Found an opulent altar of Gozag.
  2021 | D:3      | Found Gozag's Platinum Reserve.
  2455 | D:3      | Reached XP level 5. HP: 36/53 MP: 4/4
  2955 | D:3      | Found an iron altar of Okawaru.
  2957 | D:3      | Found a stormy altar of Qazlal.
  3119 | D:4      | Reached skill level 1 in Shields
  3138 | D:4      | Noticed an ogre
  3146 | D:4      | Killed an ogre
  3146 | D:4      | Reached skill level 5 in Unarmed Combat
  3146 | D:4      | Reached XP level 6. HP: 31/61 MP: 5/5
  3158 | D:4      | Found a staircase to the Ecumenical Temple.
  3172 | Temple   | Entered the Ecumenical Temple
  3404 | D:4      | Noticed Robin
  3430 | D:4      | Killed Robin
  3472 | D:4      | Found a glowing golden altar of the Shining One.
  3535 | D:4      | Found an ornate altar of the Wu Jian Council.
  3651 | D:4      | Found a basalt altar of Yredelemnul.
  3675 | D:4      | Reached skill level 1 in Stealth
  3685 | D:4      | Reached XP level 7. HP: 50/67 MP: 6/6
  3715 | D:4      | Reached *** piety under Trog
  3779 | D:4      | Noticed Eustachio
  3801 | D:4      | Killed Eustachio
  4240 | D:5      | Entered Level 5 of the Dungeon
  4391 | D:5      | Found a glowing drain.
  4406 | Sewer    | Entered a sewer
  4619 | D:5      | Noticed a dagger
  4628 | D:5      | Noticed a dagger
  4643 | D:5      | Found a hide-covered altar of Uskayaw.
  4942 | D:4      | Reached XP level 8. HP: 62/75 MP: 7/7
  5325 | D:5      | Found an ancient bone altar of Kikubaaqudgha.
  5386 | D:5      | Reached skill level 1 in Short Blades
  5778 | D:6      | Found a bloodstained altar of Trog.
  5864 | D:6      | Reached skill level 5 in Dodging
  6139 | D:6      | Reached **** piety under Trog
  6238 | D:6      | Reached skill level 1 in Polearms
  6509 | D:6      | Reached XP level 9. HP: 24/84 MP: 8/8
  7032 | D:7      | Noticed Dowan
  7033 | D:7      | Noticed Duvessa
  7063 | D:7      | Killed Duvessa
  7085 | D:7      | Slain by Dowan

Vault maps used:
D:1:      roderic_dead_forest
D:3:      chequers_temple_overflow_statue_of_worship, first_ration,
          nicolae_gozag_zags_fifth_avenue
D:4:      lemuel_crystal_altar, lemuel_doored_altar, lemuel_crystal_altar,
          temple_green, uniq_eustachio, uniq_robin
D:5:      lemuel_zombie_altar_kikubaaqudgha, dancing_weapons_uskayaw,
          cheibrodos_sewer_entry_drain
D:6:      bloody_trog, hangedman_glass_teeth, minmay_small_thing
D:7:      basic_altar, uniq_duvessa, uniq_crazy_yiuf_cottage
Temple:   eino_narrow_crystal_temple
Sewer:    sewer_big_baddie

Skill      XL: |  1  2  3  4  5  6  7  8  9 |
---------------+----------------------------+-----
Unarmed Combat | 4 5 6 |  6.8
Dodging        | 3 4 5 6 |  6.0
Fighting       | 3 4 |  4.1
Shields        | 1 3 4 |  4.3
Stealth        | 1 |  1.2
Short Blades   | 1 |  1.8
Polearms       | 1 2 |  2.4

Action                   |  1- 3 |  4- 6 |  7- 9 || total
-------------------------+-------+-------+-------++-------
Melee: Unarmed           |    88 |   181 |    65 ||   334
       Dagger            |       |       |   160 ||   160
       Spear             |       |       |   219 ||   219
  Use: Scroll            |       |     3 |     8 ||    11
 Stab: Sleeping          |       |     1 |       ||     1
  Eat: Chunk             |     8 |    28 |    20 ||    56
       Ration            |       |     1 |     2 ||     3
Armor: Animal skin       |    33 |    57 |   104 ||   194
Dodge: Dodged            |    41 |    51 |   176 ||   268
Block: Shield            |     1 |    72 |   248 ||   321

Table legend:
 A = Spawn XP
 B = Non-spawn XP
 C = Spawn XP percentage of total XP
 D = Spawn monster count
 E = Non-spawn monster count
 F = Spawn count percentage of total count
 G = Total turns spent on level
                    A         B        C        D         E        F      G
               +---------+---------+-------+---------+---------+-------+---------
         Total |       0 |    3313 |   0.0 |       0 |     156 |   0.0 |  7085
               +---------+---------+-------+---------+---------+-------+---------
           D:1 |       0 |      49 |   0.0 |       0 |      29 |   0.0 |   847
           D:2 |       0 |      76 |   0.0 |       0 |      19 |   0.0 |   968
           D:3 |       0 |     113 |   0.0 |       0 |      22 |   0.0 |  1283
           D:4 |       0 |    1107 |   0.0 |       0 |      33 |   0.0 |  1270
           D:5 |       0 |     400 |   0.0 |       0 |      17 |   0.0 |   899
           D:6 |       0 |     950 |   0.0 |       0 |      24 |   0.0 |  1256
           D:7 |       0 |     501 |   0.0 |       0 |       6 |   0.0 |   284
         Sewer |       0 |     117 |   0.0 |       0 |       6 |   0.0 |   100
               +---------+---------+-------+---------+---------+-------+---------
